 Dungeon Sprint DCSS version 0.26-a0-663-g36e8fdb655 (webtiles) character file.

Game seed: 9457828870764714165

813 sahdkjhfkaj the Fighter (level 7, -5/138 HPs)
             Began as an Ogre Berserker on Oct 11, 2020.
             Was a Priest of Trog.
             Killed from afar by a ynoxinul (19 damage)
             ... with an iron shot
             ... summoned by a kobold demonologist
             ... in the Dungeon (Sprint I: "Red Sonja").
             The game lasted 00:00:58 (397 turns).

sahdkjhfkaj the Fighter (Ogre Berserker)             Turns: 397, Time: 00:00:59

Health: -5/138     AC:  3    Str: 24    XL:     7   Next: 93%
Magic:  7/7        EV: 10    Int:  8    God:    Trog [***...]
Gold:   270        SH:  0    Dex:  8    Spells: 6/6 levels left

rFire    . . .     SeeInvis .   i - +0 giant spiked club
rCold    . . .     Faith    .   (shield currently unavailable)
rNeg     . . .     Spirit   .   b - +0 animal skin
rPois    .         Reflect  .   (helmet restricted)
rElec    .         Harm     .   (no cloak)
rCorr    .         Rampage  .   (gloves unavailable)
MR       .....     NoTele   +   (boots unavailable)
Stlth    ..........             (no amulet)
HPRegen  0.33/turn              (no ring)
MPRegen  0.10/turn              (no ring)

@: berserking (expiring), very quick
A: large, unfitting armour, tough skin 1
a: Berserk, Trog's Hand, Renounce Religion


You were in the Dungeon.
You worshipped Trog.
Trog was most pleased with you.
You visited 1 branch You collected 270 gold pieces.

Inventory:

Hand Weapons
 i - a +0 giant spiked club (weapon)
Armour
 b - a +0 animal skin (worn)
Scrolls
 h - a scroll of blinking
Potions
 c - a potion of curing
 d - a potion of heal wounds
 e - a potion of haste
 f - 2 potions of magic
 g - a potion of berserk rage


   Skills:
 + Level 12.8 Fighting
 * Level 12.6 Maces & Flails
 - Level 2.6 Dodging


You had 6 spell levels left.
You didn't know any spells.
Your spell library was empty.

Dungeon Overview and Level Annotations

Branches:
Dungeon (1/1)

Altars:
Makhleb
Xom
Jiyva
Lugonu


Innate Abilities, Weirdness & Mutations

You are too large for most types of armour.
You have tough skin. (AC +1)


Message History

Unknown command.
Unknown command.
Unknown command.
Unknown command.
Unknown command.
Unknown command.
Unknown command.
Unknown command.
Unknown command.
Unknown command.
Unknown command.
Unknown command.
Unknown command.
You closely miss the sixfirhy. You barely miss the sixfirhy.
The ynoxinul gestures.
You barely miss the sixfirhy. The ynoxinul gestures at you.
The iron shot hits you!!
You die...

######################
..)..#..'..#__#5@3K5.#
).#..').#..'..553#5..#
####'#####+#__#### ..+
#..# #### ## ####


You could see a kobold demonologist, a sixfirhy (summoned), a ynoxinul
(summoned), an iron imp (summoned), a crimson imp (summoned) and 3 ufetubi.

Vanquished Creatures
  A kobold demonologist (D)
  A slime creature (D)
  Sigmund (D)
  A floating eye (D)
  An ogre (D)
  Ijyb (D)
6 creatures vanquished.

Notes
Turn   | Place    | Note
-------+----------+-------------------------------------------
     0 | D        | sahdkjhfkaj the Ogre Berserker began the quest for the Orb.
     0 | D        | Reached XP level 1. HP: 24/24 MP: 1/1
     1 | D        | Noticed Ijyb
    14 | D        | Killed Ijyb
    14 | D        | Reached skill level 5 in Fighting
    14 | D        | Reached skill level 5 in Maces & Flails
    14 | D        | Reached XP level 2. HP: 36/36 MP: 2/2
    14 | D        | Reached XP level 3. HP: 44/44 MP: 3/3
    81 | D        | Noticed an ogre
    84 | D        | Killed an ogre
    84 | D        | Reached XP level 4. HP: 57/57 MP: 4/4
   191 | D        | Noticed Sigmund
   195 | D        | Killed Sigmund
   195 | D        | Reached ** piety under Trog
   195 | D        | Reached skill level 10 in Fighting
   195 | D        | Reached XP level 5. HP: 68/68 MP: 5/5
   195 | D        | Reached XP level 6. HP: 78/78 MP: 6/6
   243 | D        | Found a burning altar of Makhleb.
   243 | D        | Found a viscous altar of Jiyva.
   243 | D        | Found a shimmering altar of Xom.
   243 | D        | Found a corrupted altar of Lugonu.
   243 | D        | Noticed a slime creature
   246 | D        | Killed a slime creature
   246 | D        | Reached XP level 7. HP: 88/88 MP: 7/7
   381 | D        | Noticed a kobold demonologist
   381 | D        | Noticed a kobold demonologist
   382 | D        | Paralysed by a floating eye for 4 turns
   383 | D        | Noticed a ynoxinul
   384 | D        | Noticed a sixfirhy
   391 | D        | Noticed a ynoxinul
   393 | D        | Killed a kobold demonologist
   393 | D        | Reached *** piety under Trog
   397 | D        | Killed from afar by a ynoxinul

Illustrated notes

Levels and vault maps discovered:
D:        dungeon_sprint_1 [red_sonja_temple_1, red_sonja_temple_small_1]

Skill      XL: |  1  2  3  4  5  6  7 |
---------------+----------------------+-----
Fighting       | 5 7 10 11 12 | 12.8
Maces & Flails | 5 7 9 11 12 | 12.6
Dodging        | |  2.6

Action                   |  1- 3 |  4- 6 |  7- 9 || total
-------------------------+-------+-------+-------++-------
Melee: Mace              |    13 |       |       ||    13
       Giant spiked club |       |     4 |    11 ||    15
Invok: Berserk           |     2 |     2 |     1 ||     5
Armor: Animal skin       |     2 |       |     2 ||     4
Dodge: Dodged            |     2 |     2 |     2 ||     6

Table legend: (Time is in decaauts)
 A = Elapsed time spent in this place.
 B = Non-inter-level travel time spent in this place.
 C = Inter-level travel time spent in this place.
 D = Time resting spent in this place.
 E = Time spent auto-exploring this place.
 F = Levels seen in this place.
 G = Mean time per level.
                   A        B        C        D        E       F      G
               +--------+--------+--------+--------+--------+-----+--------+
         Total |    426 |    426 |      0 |    343 |      0 |   1 |  426.0 |
       Dungeon |    426 |    426 |      0 |    343 |      0 |   1 |  426.0 |
               +--------+--------+--------+--------+--------+-----+--------+

Top non-repeatable levels by time:
       D: 426 daAuts
